 Dungeon Crawl Stone Soup version 0.29-a0-668-g12ee2bf84d (webtiles) character file.

Game seed: 5648310947818735057

354 purpskrrrp the Covered (level 6, -5/48 HPs)
             Began as a Human Fighter on May 30, 2022.
             Was an Initiate of Yredelemnul.
             Slain by an ogre
             ... wielding a +0 giant spiked club
              (19 damage)
             ... on level 5 of the Dungeon on June 23, 2022.
             The game lasted 00:18:13 (4520 turns).

purpskrrrp the Covered (Human Fighter)              Turns: 4520, Time: 00:18:16

Health: -5/48      AC: 13    Str: 20    XL:     6   Next: 95%
Magic:  6/6        EV: 10    Int: 12    God:    Yredelemnul [......]
Gold:   187        SH:  5    Dex: 13    Spells: 5/5 levels left

rFire   x . .      SeeInvis +   k - +5 long sword of the Sharing Fox {vorpal, rF- Str+2 Int+4}
rCold   + . .      Faith    .   c - +0 buckler
rNeg    . . .      Spirit   .   A - +0 scale mail {rC+}
rPois   .          Reflect  .   e - +0 helmet
rElec   .          Harm     .   f - +2 cloak
rCorr   .          Rampage  .   j - +1 pair of gloves
Will    .....                   (no boots)
Stlth   ..........              (no amulet)
HPRegen 0.16/turn               r - ring of see invisible
MPRegen 0.10/turn               (no ring)

@: no status effects
A: no striking features
a: Renounce Religion, Recall Undead Harvest


You were on level 5 of the Dungeon.
You worshipped Yredelemnul.
Yredelemnul was noncommittal.
You visited 1 branch of the dungeon, and saw 5 of its levels.

You collected 187 gold pieces.

Inventory:

Hand Weapons
 a - a +0 flail
 k - the +5 long sword of the Sharing Fox (weapon) {vorpal, rF- Str+2 Int+4}
   (You found it on level 2 of the Dungeon)

   It inflicts extra damage upon your enemies.
   Str:       It affects your strength (+2).
   Int:       It affects your intelligence (+4).
   rF:        It makes you vulnerable to fire.
 p - a +0 halberd of flaming
Missiles
 o - 2 atropa-tipped darts (quivered)
Armour
 b - a +0 scale mail
 c - a +0 buckler (worn)
 e - a +0 helmet (worn)
 f - a +2 cloak (worn)
 j - a +1 pair of gloves (worn)
 u - the +1 pair of gloves of Maleim {rCorr Str-5 Int+4}
   (You found it on level 3 of the Dungeon)

   Str:       It affects your strength (-5).
   Int:       It affects your intelligence (+4).
   rCorr:     It protects you from acid and corrosion.
 A - a +0 scale mail of cold resistance (worn)
Jewellery
 r - a ring of see invisible (left hand)
Scrolls
 h - 2 scrolls of fog
 i - 2 scrolls of noise
 s - 2 scrolls of magic mapping
 t - a scroll of silence {unknown}
 w - 2 scrolls of teleportation
 y - a scroll of brand weapon
Potions
 d - 2 potions of might
 g - 3 potions of haste
 l - 2 potions of curing
 m - a potion of flight
 n - 2 potions of berserk rage {unknown}
 q - 2 potions of brilliance
 v - a potion of degeneration {unknown}
 x - a potion of ambrosia {unknown}
 z - a potion of cancellation {unknown}


   Skills:
 + Level 3.7 Fighting
 + Level 2.1 Long Blades
 + Level 3.3 Maces & Flails
 + Level 0.1 Throwing
 + Level 4.9 Armour
 + Level 1.6 Dodging
 + Level 0.3 Stealth
 + Level 3.5 Shields


You had 5 spell levels left.
You didn't know any spells.
Your spell library was empty.

Dungeon Overview and Level Annotations

Branches:
Dungeon (5/15)
 Temple: D:4-7

Altars:
Ashenzari
Dithmenos
Elyvilon
Nemelex Xobeh
Wu Jian
Xom
Yredelemnul
Zin


Message History

The bush is heavily damaged.
You hit the bush but do no damage.
The bush is heavily damaged.
You slash the bush!
The bush is severely damaged.
You hit the bush but do no damage.
The bush is severely damaged.
Things that are here:
a +2 short sword of venom; 5 stones
There is a sparkling altar of Nemelex Xobeh here.
There is a stone staircase leading down here.
Okay, then.
You climb downwards.
Found a potion of curing.
There is a stone staircase leading up here.
l - 3 potions of curing (gained 1)
Found a short sword.
Found a stone staircase leading down.
s - 2 scrolls of magic mapping (gained 1)
There is a stone staircase leading down here.
An ogre comes into view. It is wielding a +0 giant spiked club.
The ogre shouts!
Found a stone staircase leading up.
You hit the ogre.
The ogre is lightly wounded.
The ogre hits you with a +0 giant spiked club!!
Ouch! That really hurt!
You barely miss the ogre.
The ogre is lightly wounded.
The ogre hits you with a +0 giant spiked club!!
* * * LOW HITPOINT WARNING * * *
You slash the ogre!
The ogre is heavily wounded.
You barely miss the ogre.
The ogre is heavily wounded.
The ogre barely misses you.
You feel better.
The ogre hits you with a +0 giant spiked club!!
You die...
Your body rises from the dead as a mindless zombie.

#.#.....<..#..#.#
#.####.#.###.##.#
#..).........##.#
###############.#
#.............#
#.#.....#######
#.#.........
#.#####.#####.#.
#.# #.@O.....<
#.# #.#####.#.
#.#####.#####.#.
#......>........
#############.#.


You could see an ogre.

Vanquished Creatures
  Eustachio (D:4)
  A phantom (D:3)
  3 gnolls (D:2)
  5 adders
  3 worms
  3 dart slugs
  2 bats (D:2)
  4 endoplasms
  4 giant cockroaches
  9 goblins
  8 hobgoblins
  2 jackals (D:1)
  A quokka (D:4)
  5 ball pythons
  3 frilled lizards
  3 kobolds
  4 rats
61 creatures vanquished.

Vanquished Creatures (others)
  An endoplasm zombie (D:4)
  A giant cockroach zombie (D:4)
2 creatures vanquished.

Grand Total: 63 creatures vanquished

Notes
Turn   | Place    | Note
-------+----------+-------------------------------------------
     0 | D:1      | purpskrrrp the Human Fighter began the quest for the Orb.
     0 | D:1      | Reached XP level 1. HP: 18/18 MP: 1/1
   383 | D:1      | Reached XP level 2. HP: 19/24 MP: 2/2
   708 | D:1      | Found a faded altar of an unknown god.
   906 | D:1      | Reached XP level 3. HP: 29/29 MP: 3/3
  1982 | D:2      | Reached XP level 4. HP: 20/35 MP: 4/4
  2247 | D:2      | Identified the +5 long sword of the Sharing Fox {vorpal,
                  | rF- Str+2 Int+4}
  2462 | D:2      | Reached XP level 5. HP: 34/41 MP: 5/5
  2815 | D:2      | Upgraded the game from 0.29-a0-517-gbdf32494f2 to
                  | 0.29-a0-668-g12ee2bf84d
  3040 | D:3      | Noticed a phantom
  3051 | D:3      | Killed a phantom
  3052 | D:3      | Reached skill level 4 in Armour
  3052 | D:3      | Reached skill level 1 in Dodging
  3227 | D:3      | Identified the +1 pair of gloves of Maleim {rCorr Str-5
                  | Int+4}
  3233 | D:3      | Found a white marble altar of Elyvilon.
  3298 | D:3      | Found a glowing silver altar of Zin.
  3298 | D:3      | Found a shimmering altar of Xom.
  3301 | D:3      | Found an ornate altar of the Wu Jian Council.
  3302 | D:3      | Found a broken altar of Ashenzari.
  3303 | D:3      | Found a basalt altar of Yredelemnul.
  3321 | D:3      | Became a worshipper of Yredelemnul the Dark
  3466 | D:3      | Reached XP level 6. HP: 47/47 MP: 6/6
  3469 | D:3      | Found a shadowy altar of Dithmenos.
  3916 | D:4      | Noticed Eustachio
  3937 | D:4      | Killed Eustachio
  4078 | D:4      | Found a sparkling altar of Nemelex Xobeh.
  4440 | D:5      | Entered Level 5 of the Dungeon
  4514 | D:5      | Noticed an ogre
  4520 | D:5      | Slain by an ogre

Illustrated notes

Levels and vault maps discovered:
D:1:      lightli_arrival_flooded_house, layout_basic, basic_ecumenical_altar,
          chequers_serial_rivers_small_a, minivault_14, minmay_tromino_i2
D:2:      layout_rooms, minmay_fractal_squares_5
D:3:      layout_basic, general_overflow_altar, minitemple
D:4:      layout_rooms, nemelex_xobeh_ov_fountains_minmay,
          kennysheep_crisscross, minmay_hedge_maze, uniq_eustachio
D:5:      layout_basic

Skill      XL: |  1  2  3  4  5  6 |
---------------+-------------------+-----
Maces & Flails | 3 |  3.3
Armour         | 4 |  4.9
Dodging        | 1 |  1.6
Long Blades    | 2 |  2.1
Fighting       | |  3.7
Throwing       | |  0.1
Stealth        | |  0.3
Shields        | |  3.5

Action                   |  1- 3 |  4- 6 || total
-------------------------+-------+-------++-------
Melee: Flail             |    92 |     8 ||   100
       Long sword        |       |   115 ||   115
Throw: Dart              |       |     3 ||     3
  Use: Scroll            |     2 |     8 ||    10
       Potion            |     1 |     1 ||     2
Armor: Scale mail        |    45 |    65 ||   110
Dodge: Dodged            |    55 |    67 ||   122
Block: Buckler           |    22 |    32 ||    54

Table legend: (Time is in decaauts)
 A = Elapsed time spent in this place.
 B = Non-inter-level travel time spent in this place.
 C = Inter-level travel time spent in this place.
 D = Time resting spent in this place.
 E = Time spent auto-exploring this place.
 F = Levels seen in this place.
 G = Mean time per level.
                   A        B        C        D        E       F      G
               +--------+--------+--------+--------+--------+-----+--------+
         Total |   4582 |   4226 |    356 |   1373 |   1940 |   5 |  916.4 |
       Dungeon |   4582 |   4226 |    356 |   1373 |   1940 |   5 |  916.4 |
               +--------+--------+--------+--------+--------+-----+--------+

Top non-repeatable levels by time:
     D:1: 1888 daAuts
     D:2: 1083 daAuts
     D:3: 778 daAuts
     D:4: 750 daAuts
     D:5: 80 daAuts
